 Dungeon Crawl Stone Soup version 0.30-a0-939-gc8157cb160 (webtiles) character file.

Game seed: 4479908310398926333

3 coolguy69 the Trooper (level 1, 0/11 HPs)
             Began as a Vine Stalker Monk on Mar 25, 2023.
             Slain by a ball python (1 damage)
             ... on level 1 of the Dungeon.
             The game lasted 00:00:29 (79 turns).

coolguy69 the Trooper (Vine Stalker Monk)             Turns: 79, Time: 00:00:29

Health: 0/11       AC:  2    Str: 13    XL:     1   Next: 50%
Magic:  0/2        EV:  9    Int: 10    God:
Gold:   0          SH:  0    Dex: 16    Spells: 0/0 levels left

rFire   . . .      SeeInvis .    a - +0 short sword
rCold   . . .      Faith    .    (no shield)
rNeg    . . .      Spirit   +    b - +0 robe
rPois   .          Reflect  .    (no helmet)
rElec   .          Rampage  .    (no cloak)
rCorr   .                        (no gloves)
Will    .....                    (no boots)
Stlth   ++                       (no amulet)
HPRegen 0.21/turn                (no ring)
MPRegen 0.08/turn                (no ring)

@: constricted
A: fangs 2, magic shield, antimagic bite, no potion heal 2
a: no special abilities


You were on level 1 of the Dungeon.
You visited 1 branch of the dungeon, and saw 1 of its levels.

Inventory:

Hand Weapons
 a - a +0 short sword (weapon)
Armour
 b - a +0 robe (worn)
Scrolls
 e - a scroll of torment {unknown}
Potions
 c - a potion of ambrosia
 d - a potion of heal wounds {unknown}


   Skills:
 + Level 2.8 Fighting
 + Level 2.7 Short Blades
 + Level 2.4 Dodging
 + Level 2.5 Stealth


You couldn't memorise any spells.
You didn't know any spells.
Your spell library was empty.

Dungeon Overview and Level Annotations

Branches:
Dungeon (1/15)

Altars:


Innate Abilities, Weirdness & Mutations

You have extremely sharp teeth.
When hurt, damage is shared between your health and your magic reserves.
Your bite disrupts and absorbs the magic of your enemies.
Potions cannot restore your health.


Message History

The ball python grabs you. The ball python constricts you.
The quokka barely misses you.
You hit the ball python.
The ball python is severely wounded.
The ball python bites you. The ball python constricts you.
The quokka bites you but does no damage.
You barely miss the ball python.
The ball python is heavily wounded.
The ball python bites you. The ball python constricts you.
The quokka barely misses you.
You closely miss the ball python.
The ball python is heavily wounded.
The ball python closely misses you. The ball python constricts you.
The quokka bites you.
* * * LOW HITPOINT WARNING * * *
You are too injured to fight recklessly!
You are too injured to fight recklessly!
You barely miss the ball python. You bite the ball python. You drain its power.
You feel invigorated.
The ball python is heavily wounded.
The ball python barely misses you. The ball python constricts you.
* * * LOW HITPOINT WARNING * * *
The quokka bites you.
* * * LOW HITPOINT WARNING * * *
You hit the ball python. Your bite misses the ball python.
The ball python is severely wounded.
The ball python closely misses you. The ball python constricts you.
The quokka bites you but does no damage.
Unknown command.
You closely miss the ball python.
The ball python is severely wounded.
The ball python bites you. The ball python constricts you.
* * * LOW HITPOINT WARNING * * *
The quokka closely misses you.
Unknown command.
You closely miss the ball python.
You bite the ball python, but do no damage.
The ball python is severely wounded.
The ball python bites you.
You die...

#.........######.#
#.##...##........#
#.#############..###
#..................#
.).############..#.#
.................#.#
...#..###..###.#.#.#
...#...##..........#
...#.####...#...@..#
####...##......#Sr.#
###.##...........#
#.##.#..#........
#.##.#.......#.#.#
######.##.............#
..#.##...†......####..#
..#.##.#...##.#.. ..#
..#..#.#.#.#


You could see a quokka and a ball python.

Vanquished Creatures
  A ball python (D:1)
  A kobold (D:1)
  2 rats (D:1)
4 creatures vanquished.

Notes
Turn   | Place    | Note
-------+----------+-------------------------------------------
     0 | D:1      | coolguy69 the Vine Stalker Monk began the quest for the
                  | Orb.
     0 | D:1      | Reached XP level 1. HP: 11/11 MP: 2/2
    79 | D:1      | Slain by a ball python

Illustrated notes

Levels and vault maps discovered:
D:1:      dpeg_arrival_ternary, layout_basic

Action                     || total
---------------------------++-------
  Melee: Short sword       ||    14
         Bite              ||     4
   Stab: Sleeping          ||     1
 Armour: Robe              ||     4
  Dodge: Dodged            ||    12

Table legend: (Time is in decaauts)
 A = Elapsed time spent in this place.
 B = Non-inter-level travel time spent in this place.
 C = Inter-level travel time spent in this place.
 D = Time resting spent in this place.
 E = Time spent auto-exploring this place.
 F = Levels seen in this place.
 G = Mean time per level.
                   A        B        C        D        E       F      G
               +--------+--------+--------+--------+--------+-----+--------+
         Total |     77 |     77 |      0 |      0 |     43 |   1 |   77.0 |
       Dungeon |     77 |     77 |      0 |      0 |     43 |   1 |   77.0 |
               +--------+--------+--------+--------+--------+-----+--------+

Top non-repeatable levels by time:
     D:1: 77 daAuts
